 Dungeon Crawl Stone Soup version 0.19.0-22-gd96e5fe (webtiles) character file.

32845 kuniqs the Fighter (level 13, -11/124 HPs)
             Began as a Minotaur Berserker on Nov 19, 2016.
             Was a High Priest of Trog.
             Mangled by a merfolk
             ... wielding a +0 trident
              (17 damage)
             ... on level 1 of the Shoals.
             The game lasted 00:19:29 (13829 turns).

kuniqs the Fighter (Minotaur Berserker)            Turns: 13829, Time: 00:19:29

Health: -11/124    AC: 17    Str: 23    XL:     13   Next: 33%
Magic:  0/12       EV: 13    Int:  4    God:    Trog [*****.]
Gold:   870        SH:  0    Dex: 10    Spells: 0 memorised, 12 levels left

rFire  + + .     SeeInvis .     r - +1 hand axe of Descent {freeze, rF++ rN+ MR+ Dex-4}
rCold  + . .     Gourm    +     b - +3 chain mail {rC+}
rNeg   + + .     Faith    .     (no shield)
rPois  .         Spirit   .     (helmet restricted)
rElec  .         Reflect  .     (no cloak)
rCorr  .         Harm     .     (no gloves)
MR     +....                    E - +0 pair of boots {run}
Stlth  ..........               A - amulet of the gourmand
                                (no ring)
                                q - ring of positive energy

@: exhausted, mesmerised, slowed, very slow
A: retaliatory headbutt, horns 2
a: Berserk, Trog's Hand, Brothers in Arms, Burn Spellbooks, Renounce Religion


You were on level 1 of the Shoals.
You worshipped Trog.
Trog was extremely pleased with you.
You were very full.

You visited 3 branches of the dungeon, and saw 17 of its levels.

You collected 1275 gold pieces.
You spent 405 gold pieces at shops.

Inventory:

Hand Weapons
 c - a +3 hand axe of flaming
 k - a +9 antimagic executioner's axe
 r - the +1 hand axe of Descent (weapon) {freeze, rF++ rN+ MR+ Dex-4}
   (You found it on level 4 of the Lair of Beasts)

   It has been specially enchanted to freeze those struck by it, causing extra
   injury to most foes and up to half again as much damage against particularly
   susceptible opponents.
   It can also slow down cold-blooded creatures.
   It affects your dexterity (-4).
   It greatly protects you from fire.
   It protects you from negative energy.
   It affects your resistance to hostile enchantments.
Missiles
 O - 3 throwing nets (quivered)
Armour
 b - a +3 chain mail of cold resistance (worn)
 E - a +0 pair of boots of running (worn)
Jewellery
 q - a ring of positive energy (left hand)
 t - an uncursed ring of ice
 A - an amulet of the gourmand (around neck)
Wands
 h - a wand of flame (25/48)
 y - a wand of teleportation (7/9)
 B - a wand of digging (5/24)
 H - a wand of lightning (5/15)
 K - a wand of digging (11/24)
 P - a wand of paralysis (16/24)
Scrolls
 j - 2 scrolls of enchant weapon
 l - 3 scrolls of recharging
 o - 3 scrolls of fear
 s - 2 scrolls of enchant armour
 u - 8 scrolls of remove curse {@r2}
 z - 3 scrolls of teleportation
 C - 5 scrolls of magic mapping
 D - a scroll of fog
 I - a scroll of blinking
 J - a scroll of brand weapon
 L - a scroll of identify {@r1}
 Q - 2 scrolls of immolation {unknown}
Potions
 a - 2 potions of cancellation
 m - 2 potions of resistance
 n - 5 potions of flight
 p - 2 potions of haste
 v - 5 potions of curing {@q1}
 w - 2 potions of invisibility
 F - 2 potions of mutation
 G - a potion of agility
 M - 2 potions of heal wounds
 N - a potion of might
Comestibles
 d - 9 bread rations
 e - 11 meat rations
 f - 19 fruits
 g - 2 slices of pizza
 i - 9 royal jellies
 x - a beef jerky


   Skills:
 + Level 14.0 Fighting
 + Level 13.7 Axes
 + Level 13.4 Armour
 + Level 12.6 Dodging


You had 12 spell levels left.
You didn't know any spells.

Dungeon Overview and Level Annotations

Branches:
Dungeon (11/15)            Temple (0/1) D:7            Lair (5/6) D:11
 Shoals (1/4) Lair:3       Spider (0/4) Lair:2        Slime (0/5) Lair:5
    Orc (0/2) D:10

Altars:
Ashenzari
Cheibriados
Fedhas
Gozag
Hepliaklqana
Nemelex Xobeh
Okawaru
Qazlal
Sif Muna
Vehumet
Zin

Shops:
D:5 *   D:7 %   D:8 *

Annotations:
D:9 exclusion: door
Lair:5 exclusion: 3 oklob plants


Innate Abilities, Weirdness & Mutations

You reflexively headbutt those who attack you in melee.
You have a pair of horns on your head.


Message History

The snapping turtle bites you from afar!!
The merfolk avatar chants its luring song.
The merfolk hits you from afar with a trident!
* * * LOW HITPOINT WARNING * * *
The snapping turtle bites you but does no damage.
The merfolk avatar chants its luring song.
A sea snake comes into view.
Your troll goes berserk!
You feel somewhat less full.
The pull of its song draws you forwards.
Your troll bites the merfolk impaler!!
Your troll closely misses the merfolk impaler.
Your troll misses the merfolk impaler.
The merfolk impaler hits you with an antimagic trident!!
* * * LOW HITPOINT WARNING * * *
You feel your power leaking away.
The merfolk avatar chants its luring song.
The sea snake barely misses you.
The merfolk hits you from afar with a trident!
You die...

≈...≈≈≈ . ......$
.. .....P ... ≈
....P ≈≈≈P ..##.PP
m.≈≈≈
......P#####...≈≈≈
≈≈≈≈....P.@S≈...≈P
≈≈≈≈≈?†.m≈Tm≈.....
≈≈P≈≈≈≈)t≈m...≈..#
≈≈P≈≈≈≈T≈†≈≈≈≈≈$.#
≈≈P≈≈..P.#..≈≈≈≈..
≈PP≈≈≈...##.≈≈≈≈≈.
≈≈P≈≈≈≈≈.. ≈≈≈≈≈≈≈
≈≈≈PP≈≈≈≈..≈≈≈≈≈≈≈
≈≈≈P≈≈≈≈≈≈..≈≈≈≈≈


You could see a merfolk avatar, 2 merfolk impalers, a sea snake, a snapping
turtle, a merfolk and 2 friendly trolls.

Vanquished Creatures
  Snorg (D:10)
  Harold (D:10)
  Erolcha (D:9)
  3 hydras
  A merfolk aquamancer (Shoals:1)
  A wizard (D:10)
  3 hill giants (D:10)
  An ugly thing (D:11)
  2 black mambas
  A torpor snail (Lair:3)
  A water nymph (Shoals:1)
  Psyche (D:8)
  A siren (Lair:3)
  6 spiny frogs
  3 komodo dragons
  A queen bee (D:8)
  2 jumping spiders (Lair:2)
  A merfolk (Lair:3)
  A troll (D:10)
  A hornet (D:11)
  27 blink frogs
  2 dream sheep (Lair:3)
  3 two-headed ogres
  3 hippogriffs
  2 snapping turtles (Shoals:1)
  2 water elementals (Shoals:1)
  A vampire (D:11)
  A redback (Lair:2)
  16 yaks
  3 wyverns
  2 humans (D:8)
  A basilisk (Lair:4)
  5 hungry ghosts
  10 water moccasins
  2 hell hounds (D:11)
  7 porcupines
  A sky beast (D:10)
  An eye of draining (D:8)
  6 orc warriors
  7 ice beasts
  2 black bears (D:10)
  2 phantoms
  The ghost of Kenran the Chopper, an amateur HOCK of Xom (D:4)
  2 necrophages
  2 centaurs (D:10)
  An ogre (D:10)
  7 crocodiles
  14 bullfrogs
  3 scorpions
  21 killer bees
  An electric eel (Lair:5)
  4 howler monkeys
  A bullfrog zombie (D:6)
  5 crimson imps
  5 centaur zombies
  4 hounds
  A gnoll shaman (D:8)
  5 orc priests
  6 orc wizards
  3 iguanas
  Natasha (thrice) (D:4)
  A bullfrog skeleton (D:11)
  6 worker ants
  A killer bee zombie (D:5)
  An ogre zombie (D:9)
  2 hound zombies (D:10)
  2 hound skeletons
  A howler monkey zombie (D:5)
  A worker ant zombie (D:8)
  11 gnolls
  10 adders
  3 shadow imps
  An adder skeleton (D:8)
  2 worms
  5 leopard geckos
  26 orcs
  5 giant cockroaches
  11 goblins
  10 hobgoblins
  6 jackals
  4 quokkas
  2 ball pythons
  9 bats
  4 frilled lizards
  A giant cockroach zombie (D:6)
  4 kobolds
  An orc zombie (D:9)
  A quokka zombie (D:10)
  10 rats
  2 fungi (Lair:4)
  2 plants (D:1)
373 creatures vanquished.

Vanquished Creatures (others)
  An adder (D:9)
  5 fungi
  2 plants (Lair:3)
8 creatures vanquished.

Grand Total: 381 creatures vanquished

Notes
Turn   | Place    | Note
-------+----------+-------------------------------------------
     0 | D:1      | kuniqs the Minotaur Berserker began the quest for the Orb.
     0 | D:1      | Reached XP level 1. HP: 19/19 MP: 0/0
   162 | D:1      | Reached XP level 2. HP: 26/27 MP: 1/1
   412 | D:1      | Found a shattered altar of Ashenzari.
   580 | D:2      | Reached XP level 3. HP: 33/33 MP: 2/2
   582 | D:2      | Reached skill level 4 in Fighting
   657 | D:2      | Reached ** piety under Trog
   709 | D:2      | Reached XP level 4. HP: 40/40 MP: 3/3
   802 | D:2      | Found a faded altar of an unknown god.
   802 | D:2      | Found an opulent altar of Gozag.
   807 | D:2      | Found a sparkling altar of Nemelex Xobeh.
   809 | D:2      | Found a radiant altar of Vehumet.
   811 | D:2      | Found a faded altar of an unknown god.
  1027 | D:3      | Found a deep blue altar of Sif Muna.
  1139 | D:3      | Found an opulent altar of Gozag.
  1151 | D:4      | Noticed a phantom
  1166 | D:4      | Killed a phantom
  1166 | D:4      | Reached XP level 5. HP: 47/47 MP: 4/4
  1187 | D:3      | Reached skill level 5 in Fighting
  1256 | D:3      | Found a snail-covered altar of Cheibriados.
  1684 | D:4      | Noticed Natasha
  1693 | D:4      | Killed Natasha
  1789 | D:4      | Noticed Kenran's ghost (amateur HOCK)
  1798 | D:4      | Killed Kenran's ghost
  1798 | D:4      | Reached skill level 5 in Axes
  1798 | D:4      | Reached XP level 6. HP: 56/56 MP: 5/5
  1886 | D:4      | Noticed Natasha
  1891 | D:4      | Killed Natasha
  1930 | D:4      | Reached *** piety under Trog
  2020 | D:4      | Found a glowing silver altar of Zin.
  2034 | D:4      | Noticed Natasha
  2038 | D:4      | Killed Natasha
  2038 | D:4      | Reached skill level 5 in Armour
  2043 | D:5      | Entered Level 5 of the Dungeon
  2070 | D:5      | Reached XP level 7. HP: 37/62 MP: 6/6
  2350 | D:5      | Found a sparkling altar of Nemelex Xobeh.
  2453 | D:5      | Reached skill level 6 in Fighting
  2564 | D:5      | Found Uvuwecuh's Assorted Antiques.
  2659 | D:6      | Found a stormy altar of Qazlal.
  2769 | D:6      | Reached skill level 5 in Dodging
  2944 | D:6      | You fall through a shaft for 2 floors!
  2965 | D:8      | Noticed a queen bee
  2976 | D:8      | Reached XP level 8. HP: 71/71 MP: 7/7
  2996 | D:8      | Killed a queen bee
  2996 | D:8      | Reached skill level 7 in Fighting
  2997 | D:8      | Reached **** piety under Trog
  3372 | D:8      | Reached skill level 8 in Fighting
  3377 | D:8      | Reached XP level 9. HP: 60/81 MP: 8/8
  3700 | D:7      | Found Xihiotzo's Food Shop.
  3804 | D:7      | Found a staircase to the Ecumenical Temple.
  4936 | D:8      | Reached skill level 9 in Fighting
  4955 | D:8      | Found an iron altar of Okawaru.
  5191 | D:8      | Found Koplonem's General Store.
  5241 | D:8      | Bought a scroll of blinking for 90 gold pieces
  5373 | D:5      | Bought a pair of glowing boots for 315 gold pieces
  5625 | D:8      | Found a hazy altar of Hepliaklqana.
  5836 | D:8      | Noticed Psyche
  5845 | D:8      | Killed Psyche
  5845 | D:8      | Reached XP level 10. HP: 91/91 MP: 9/9
  5995 | D:9      | Reached ***** piety under Trog
  6126 | D:10     | Entered Level 10 of the Dungeon
  6161 | D:9      | Reached skill level 10 in Fighting
  6300 | D:9      | Noticed Erolcha
  6307 | D:9      | Killed Erolcha
  6376 | D:9      | Reached skill level 10 in Axes
  6757 | D:10     | Noticed an eight-headed hydra
  6765 | D:10     | Killed a four-headed hydra
  6765 | D:10     | Reached skill level 10 in Armour
  6940 | D:10     | Noticed a hill giant
  6950 | D:10     | Killed a hill giant
  7065 | D:10     | Found a staircase to the Orcish Mines.
  7075 | D:10     | Reached skill level 11 in Fighting
  7075 | D:10     | Reached XP level 11. HP: 98/102 MP: 10/10
  7093 | D:10     | Noticed Harold
  7104 | D:10     | Killed Harold
  7297 | D:10     | Noticed Snorg
  7300 | D:10     | Noticed a hill giant
  7304 | D:10     | Killed Snorg
  7304 | D:10     | Reached skill level 10 in Dodging
  7314 | D:10     | Killed a hill giant
  7448 | D:10     | Noticed a hill giant
  7456 | D:10     | Noticed a wizard
  7459 | D:10     | Killed a hill giant
  7471 | D:10     | Killed a wizard
  7603 | D:11     | Noticed a purple ugly thing
  7622 | D:11     | Killed a purple ugly thing
  7660 | D:11     | Received a gift from Trog
  7737 | D:11     | Found a staircase to the Lair.
  7817 | D:11     | Reached skill level 12 in Fighting
  8118 | D:11     | Found a blossoming altar of Fedhas.
  8295 | Lair:1   | Entered Level 1 of the Lair of Beasts
  8534 | Lair:1   | Reached XP level 12. HP: 109/112 MP: 11/11
  8606 | Lair:1   | Noticed a seven-headed hydra
  8616 | Lair:1   | Killed a three-headed hydra
  8718 | Lair:1   | Found an iron altar of Okawaru.
  9398 | Lair:2   | Found a hole to the Spider Nest.
  9650 | Lair:2   | Received a gift from Trog
  9650 | Lair:2   | Reached skill level 13 in Fighting
  9908 | Lair:2   | Identified 2 scrolls of acquirement
 10244 | Lair:2   | Got a faintly humming shield
 10261 | Lair:2   | Identified a +0 pair of boots of running (You acquired it on level 2 of the Lair of Beasts)
 11534 | Lair:3   | Found a staircase to the Shoals.
 11877 | Lair:4   | Reached XP level 13. HP: 70/122 MP: 12/12
 12104 | Lair:4   | Got an ichor-stained hand axe
 12105 | Lair:4   | Identified the +1 hand axe of Descent {freeze, rF++ rN+ MR+ Dex-4} (You found it on level 4 of the Lair of Beasts)
 13125 | Lair:5   | Found a staircase to the Slime Pits.
 13286 | Lair:5   | Received a gift from Trog
 13800 | Shoals:1 | Entered Level 1 of the Shoals
 13823 | Shoals:1 | Noticed a merfolk impaler
 13824 | Shoals:1 | Noticed a merfolk impaler
 13827 | Shoals:1 | Reached skill level 14 in Fighting
 13829 | Shoals:1 | HP: 6/124 [merfolk impaler/antimagic trident (22)]
 13829 | Shoals:1 | Mangled by a merfolk

Skill      XL: |  1  2  3  4  5  6  7  8  9 10 11 12 13 |
---------------+----------------------------------------+-----
Armour         | 3 4 5 6 7 9 10 11 12 13 | 13.4
Axes           | 4 5 6 7 9 10 12 13 | 13.7
Fighting       | 4 5 6 8 9 11 12 13 14 | 14.0
Dodging        | 3 4 5 6 8 9 10 12 | 12.6

Action                   |  1- 3 |  4- 6 |  7- 9 | 10-12 | 13-15 || total
-------------------------+-------+-------+-------+-------+-------++-------
Melee: Hand axe          |    71 |   103 |   275 |   552 |   168 ||  1169
       Headbutt          |    18 |    13 |    62 |   149 |    28 ||   270
Invok: Berserk           |     1 |     2 |     5 |    11 |     1 ||    20
       Burn Spellbooks   |       |       |     2 |     2 |     1 ||     5
       Trog's Hand       |       |       |     1 |       |       ||     1
       Brothers in Arms  |       |       |       |       |     2 ||     2
  Use: Scroll            |       |       |     9 |    19 |     1 ||    29
       Potion            |       |       |     3 |     1 |     3 ||     7
  Eat: Chunk             |       |     7 |    23 |    36 |    11 ||    77
       Meat ration       |       |       |     1 |       |       ||     1
       Royal jelly       |       |       |     1 |       |       ||     1
       Fruit             |       |       |     1 |       |       ||     1
       Pizza             |       |       |       |     1 |       ||     1
Armor: Animal skin       |     7 |       |       |       |       ||     7
       Chain mail        |    15 |    46 |   103 |   215 |    47 ||   426
       Scale mail        |     7 |       |       |       |       ||     7
Dodge: Dodged            |    30 |    41 |   120 |   305 |    63 ||   559
